 Dungeon Crawl Stone Soup version 0.29.1-1-gd02db6906a (webtiles) character file.

Game seed: 4903115941417884948

262 masschaos23 the Chopper (level 6, 0/55 HPs)
             Began as a Hill Orc Fighter on Sept 18, 2022.
             Slain by groovy9's ghost (3 damage)
             ... on level 3 of the Dungeon.
             The game lasted 00:03:02 (2761 turns).

masschaos23 the Chopper (Hill Orc Fighter)          Turns: 2761, Time: 00:03:02

Health: 0/55       AC:  7    Str: 19    XL:     6   Next: 18%
Magic:  6/6        EV:  9    Int:  8    God:
Gold:   87         SH:  5    Dex: 12    Spells: 5/5 levels left

rFire   . . .      SeeInvis .   a - +0 war axe
rCold   . . .      Faith    .   c - +0 buckler
rNeg    . . .      Spirit   .   b - +0 scale mail
rPois   .          Reflect  .   (no helmet)
rElec   .          Harm     .   (no cloak)
rCorr   .          Rampage  .   (no gloves)
Will    .....                   (no boots)
Stlth   ..........              (no amulet)
HPRegen 0.18/turn               (no ring)
MPRegen 0.10/turn               (no ring)

@: no status effects
A: no striking features
a: no special abilities


You were on level 3 of the Dungeon.
You visited 1 branch of the dungeon, and saw 3 of its levels.

You collected 87 gold pieces.

Inventory:

Hand Weapons
 a - a +0 war axe (weapon)
Missiles
 o - 6 poisoned darts (quivered)
 w - 4 curare-tipped darts
Armour
 b - a +0 scale mail (worn)
 c - a +0 buckler (worn)
Jewellery
 s - a ring of magical power
 u - a ring of poison resistance
Wands
 k - a wand of polymorph (4)
 m - a wand of paralysis (7)
Scrolls
 e - a scroll of enchant armour {unknown}
 i - 4 scrolls of identify {unknown}
 j - 3 scrolls of teleportation {unknown}
 n - a scroll of fear {unknown}
 q - a scroll of noise {unknown}
 t - a scroll of vulnerability {unknown}
 v - a scroll of poison {unknown}
Potions
 d - a potion of might
 f - a potion of invisibility {unknown}
 g - a potion of ambrosia {unknown}
 h - 3 potions of flight {unknown}
 l - a potion of haste {unknown}
 p - a potion of resistance {unknown}
 r - 2 potions of degeneration {unknown}


   Skills:
 + Level 4.8 Fighting
 + Level 5.0 Axes
 + Level 4.6 Armour
 - Level 0.7 Dodging
 - Level 0.1 Stealth
 * Level 4.3 Shields


You had 5 spell levels left.
You didn't know any spells.
Your spell library contained the following spells:

 Spells                   Type           Power      Damage    Failure   Level
 Gell's Gravitas          Tloc           0%         N/A       99%         3
 Lesser Beckoning         Tloc           0%         N/A       99%         3
 Teleport Other           Tloc           0%         N/A       99%         3


Dungeon Overview and Level Annotations

Branches:
Dungeon (3/15)

Altars:
Cheibriados
Qazlal
Xom
Yredelemnul

Annotations:
D:3 groovy9's ghost, amateur FoHu


Message History

Groovy9's ghost is moderately damaged.
You hit Fractals's ghost. Groovy9's ghost hits you.
* * * LOW HITPOINT WARNING * * *
Fractals's ghost completely misses you.
You slash groovy9's ghost!
Groovy9's ghost is heavily damaged.
You hit Fractals's ghost. Groovy9's ghost barely misses you.
Fractals's ghost hits you but does no damage.
You hit groovy9's ghost but do no damage.
Groovy9's ghost is heavily damaged.
You hit Fractals's ghost.
You destroy Fractals's ghost!
Groovy9's ghost closely misses you.
Your Axes skill increases to level 5!
You have reached level 6!
You barely miss groovy9's ghost.
Groovy9's ghost is heavily damaged.
Groovy9's ghost hits you but does no damage.
Groovy9's ghost hits you.
* * * LOW HITPOINT WARNING * * *
You closely miss groovy9's ghost.
Groovy9's ghost is heavily damaged.
Groovy9's ghost hits you but does no damage.
Unknown command.
You hit groovy9's ghost.
Groovy9's ghost is heavily damaged.
Groovy9's ghost hits you but does no damage.
You hit groovy9's ghost.
Groovy9's ghost is severely damaged.
Groovy9's ghost hits you!
* * * LOW HITPOINT WARNING * * *
Groovy9's ghost completely misses you.
You closely miss groovy9's ghost.
Groovy9's ghost is severely damaged.
Groovy9's ghost hits you.
* * * LOW HITPOINT WARNING * * *
You hit groovy9's ghost.
Groovy9's ghost is severely damaged.
Groovy9's ghost hits you.
You die...

.....).....# #.# #.#.#
##...####..# #.# ####.#.#
##.## #..# #.# #......#
###.# #..# #.# #.##.###
....# #.##### #.# #.##.#
##### ###$.⌠.##.## #....#
#8....#...# #..###
$.....#..(# #..# ......W@..#
#..# ⌠.....'...######..#
......'........#..#
$.....#..#####.#..#
#8....#..# #.#..# ########
##?.⌠.#..# #....# .......#
#######.# #.##.#
######.##########.#####.##.#
####....................##.#


You could see groovy9's ghost.

Vanquished Creatures
  The ghost of Fractals the Firebug, an amateur DEFE (D:3)
  Jessica (D:3)
  Natasha (thrice) (D:3)
  2 adders (D:3)
  A worm (D:2)
  3 dart slugs
  2 orcs (D:3)
  5 ball pythons
  7 bats
  7 endoplasms
  2 giant cockroaches
  5 goblins
  4 hobgoblins
  4 quokkas
  8 frilled lizards
  4 kobolds
  8 rats
67 creatures vanquished.

Vanquished Creatures (others)
  6 withered plants (D:3)
6 creatures vanquished.

Grand Total: 73 creatures vanquished

Notes
Turn   | Place    | Note
-------+----------+-------------------------------------------
     0 | D:1      | masschaos23 the Hill Orc Fighter began the quest for the
                  | Orb.
     0 | D:1      | Reached XP level 1. HP: 19/19 MP: 1/1
   221 | D:1      | Found a faded altar of an unknown god.
   242 | D:1      | Reached XP level 2. HP: 27/27 MP: 2/2
   344 | D:1      | Reached skill level 3 in Axes
   643 | D:1      | Reached XP level 3. HP: 33/33 MP: 3/3
   960 | D:2      | Found a shimmering altar of Xom.
  1692 | D:3      | Found a basalt altar of Yredelemnul.
  1693 | D:3      | Found a stormy altar of Qazlal.
  1703 | D:3      | Reached XP level 4. HP: 34/40 MP: 4/4
  1859 | D:3      | Found a snail-covered altar of Cheibriados.
  1920 | D:3      | Noticed Natasha
  1929 | D:3      | Killed Natasha
  1930 | D:3      | Reached skill level 4 in Axes
  2049 | D:3      | Noticed Jessica
  2052 | D:3      | Killed Jessica
  2053 | D:3      | Reached XP level 5. HP: 47/47 MP: 5/5
  2238 | D:3      | Found a runed translucent gate.
  2238 | D:3      | Found a runed translucent gate.
  2238 | D:3      | Found a runed translucent gate.
  2242 | D:3      | Noticed groovy9's ghost (amateur FoHu)
  2242 | D:3      | Noticed Fractals's ghost (amateur DEFE)
  2382 | D:3      | Noticed Natasha
  2398 | D:3      | Killed Natasha
  2585 | D:3      | Noticed Natasha
  2590 | D:3      | Killed Natasha
  2755 | D:3      | Killed Fractals's ghost
  2756 | D:3      | Reached skill level 5 in Axes
  2756 | D:3      | Reached XP level 6. HP: 17/55 MP: 6/6
  2761 | D:3      | Slain by groovy9's ghost

Illustrated notes

Levels and vault maps discovered:
D:1:      minmay_arrival_jagged, layout_loops_ring, basic_ecumenical_altar
D:2:      layout_basic, basic_altar
D:3:      layout_loops_ring, grunt_temple_overflow_open, lemuel_crystal_altar,
          gammafunk_ghost_cemetery, kennysheep_generic_room_9, uniq_jessica,
          uniq_natasha

Skill      XL: |  1  2  3  4  5 |
---------------+----------------+-----
Axes           | 3 4 5 |  5.0
Fighting       | 4 |  4.8
Armour         | 4 |  4.6
Shields        | 4 |  4.3
Dodging        | |  0.7
Stealth        | |  0.1

Action                   |  1- 3 |  4- 6 || total
-------------------------+-------+-------++-------
Melee: War axe           |    96 |    92 ||   188
Armor: Scale mail        |    54 |    38 ||    92
Dodge: Dodged            |    49 |    41 ||    90
Block: Buckler           |    18 |    18 ||    36
